 Dungeon Crawl Stone Soup version 0.26.1-11-gd32895ea62 (webtiles) character file.

Game seed: 17158566177695260601

25 vvl the Cudgeller (level 2, 0/29 HPs)
             Began as a Troll Monk on June 16, 2021.
             Slain by a centaur (8 damage)
             ... on level 2 of the Dungeon.
             The game lasted 00:01:45 (717 turns).

vvl the Cudgeller (Troll Monk)                       Turns: 717, Time: 00:01:46

Health: 0/29       AC:  4    Str: 18    XL:     2   Next: 82%
Magic:  1/1        EV: 10    Int:  6    God:
Gold:   87         SH:  0    Dex: 12    Spells: 1/1 levels left

rFire    . . .     SeeInvis .   i - +0 whip (elec)
rCold    . . .     Faith    .   (no shield)
rNeg     . . .     Spirit   .   (armour restricted)
rPois    .         Reflect  .   (helmet restricted)
rElec    .         Harm     .   (no cloak)
rCorr    .         Rampage  .   (gloves unavailable)
Will     .....                  (boots unavailable)
Stlth    ++........             (no amulet)
HPRegen  0.49/turn              (no ring)
MPRegen  0.07/turn              (no ring)

@: no status effects
A: large, unfitting armour, claws 3, regeneration 1, shaggy fur 1, tough skin 3
a: no special abilities


You were on level 2 of the Dungeon.
You visited 1 branch of the dungeon, and saw 2 of its levels.

You collected 87 gold pieces.

Inventory:

Hand Weapons
 i - a +0 whip of electrocution (weapon)
Jewellery
 c - an uncursed amulet of faith
Scrolls
 e - 2 scrolls of teleportation {unknown}
 f - a scroll of magic mapping {unknown}
 g - a scroll of identify {unknown}
Potions
 d - 3 potions of lignification {unknown}
 h - a potion of mutation {unknown}


   Skills:
 + Level 2.5 Fighting
 * Level 3.0 Maces & Flails
 + Level 0.5 Armour
 - Level 2.4 Dodging
 - Level 1.0 Stealth
 * Level 0.9 Necromancy
 + Level 0.6 Earth Magic


You had one spell level left.
You didn't know any spells.
Your spell library was empty.

Dungeon Overview and Level Annotations

Branches:
Dungeon (2/15)

Altars:


Innate Abilities, Weirdness & Mutations

You are too large for most types of armour.
You have claws for hands.
Your natural rate of healing is unusually fast.
You are covered in fur. (AC +1)
You have extremely tough skin. (AC +3)


Message History

The centaur hits you but does no damage.
You closely miss the centaur. The centaur barely misses you.
You whack the centaur!
The centaur is moderately wounded.
The centaur hits you! x2
You are too injured to fight recklessly!
You are too injured to fight recklessly!
You are too injured to fight recklessly!
You are too injured to fight recklessly!
You are too injured to fight recklessly!
You are too injured to fight recklessly!
You closely miss the centaur.
The centaur is moderately wounded.
The bat closely misses you. The centaur hits you.
* * * LOW HITPOINT WARNING * * *
You hit the centaur.
The centaur is heavily wounded.
The bat hits you but does no damage. The centaur barely misses you.
The centaur hits you!
You die...

#..# #..# ######... .
........# .. .......#
.. .....####.##.
###########..........
......c..b#.....#.####
#....w.@(...#.#+#.....
#..........(#.....#
#...........#...).#
#...........#.....+
#......(....#.†...#
#.......>...#.....# ..
####+#............#
##..
#########....##...
#....†.....#


You could see a centaur, a worm and a bat.

Vanquished Creatures
  An adder (D:2)
  A dart slug (D:2)
  A leopard gecko (D:2)
  A quokka (D:2)
  3 bats
  3 frilled lizards
  2 kobolds
  5 rats
17 creatures vanquished.

Notes
Turn   | Place    | Note
-------+----------+-------------------------------------------
     0 | D:1      | vvl the Troll Monk began the quest for the Orb.
     0 | D:1      | Reached XP level 1. HP: 22/22 MP: 0/0
   579 | D:1      | You fall into a shaft and drop 1 floor!
   599 | D:2      | Reached XP level 2. HP: 28/29 MP: 1/1
   698 | D:2      | Reached skill level 3 in Maces & Flails
   709 | D:2      | Noticed a centaur
   717 | D:2      | Slain by a centaur

Illustrated notes

Levels and vault maps discovered:
D:1:      minmay_arrival_shattered_statue, layout_loops_corners
D:2:      layout_basic, chequers_ecumenical_altar_lobes

Skill      XL: |  1  2 |
---------------+-------+-----
Maces & Flails | 3 |  3.0
Fighting       | |  2.5
Armour         | |  0.5
Dodging        | |  2.4
Stealth        | |  1.0
Necromancy     | |  0.9
Earth Magic    | |  0.6

Action                   || total
-------------------------++-------
Melee: Mace              ||    29
       Whip              ||    12
 Stab: Sleeping          ||     2
Armor: Robe              ||    16
       Skin              ||     4
Dodge: Dodged            ||    21
